 Dungeon Crawl Stone Soup version 0.26.0-10-g1f06aea511 (webtiles) character file.

Game seed: 18261673978126554249

143806 Amaterasu the Severer (level 16, -4/134 HPs)
             Began as a Minotaur Fighter on Feb 1, 2021.
             Was the Champion of Okawaru.
             Slain by a redback (8 damage)
             ... on level 2 of the Spider Nest.
             The game lasted 00:47:26 (23714 turns).

Amaterasu the Severer (Minotaur Fighter)           Turns: 23714, Time: 00:47:27

Health: -4/134     AC: 18    Str: 29    XL:     16   Next: 83%
Magic:  29/29      EV: 12    Int:  5    God:    Okawaru [******]
Gold:   2339       SH:  0    Dex: 16    Spells: 15/15 levels left

rFire    + + .     SeeInvis .   r - +4 broad axe
rCold    + . .     Faith    .   c - +1 kite shield
rNeg     . . .     Spirit   .   y - +0 plate armour
rPois    +         Reflect  .   M - +1 hat of Ethics {-Cast rElec rPois rF++}
rElec    +         Harm     .   K - scarf {repulsion}
rCorr    .         Rampage  .   F - +1 pair of gloves {Dex+3}
Will     ++...     NoCast   +   b - +0 pair of boots
Stlth    ..........             e - amulet of regeneration
HPRegen  0.72/turn              s - ring of willpower
MPRegen  0.21/turn              t - ring of Incredulity {rC+ MP+9 Str+4}

@: confused, corroded, repel missiles
A: retaliatory headbutt, horns 2, icy blue scales 1, camouflage 1, frail 1
a: Renounce Religion, Heroism, Finesse


You were on level 2 of the Spider Nest.
You worshipped Okawaru.
Okawaru was exalted by your worship.
You visited 5 branches of the dungeon, and saw 26 of its levels.
You also visited: Ice Cave and Volcano.

You collected 2339 gold pieces.

Inventory:

Hand Weapons
 r - a +4 broad axe (weapon)
Missiles
 O - 3 javelins (quivered)
 T - 5 silver javelins
Armour
 b - a +0 pair of boots (worn)
 c - a +1 kite shield (worn)
 y - a +0 plate armour (worn)
 F - a +1 pair of gloves of dexterity (worn)
 K - a scarf of repulsion (worn)
 M - the +1 hat of Ethics (worn) {-Cast rElec rPois rF++}
   (You found it on level 5 of the Lair of Beasts)

   It greatly protects you from fire.
   It insulates you from electricity.
   It protects you from poison.
   It prevents spellcasting.
Jewellery
 e - an amulet of regeneration (around neck)
 m - an uncursed ring of willpower
 s - a ring of willpower (left hand)
 t - the ring of Incredulity (right hand) {rC+ MP+9 Str+4}
   (You acquired it on level 9 of the Dungeon)

   [ring of protection from cold]

   It affects your strength (+4).
   It protects you from cold.
   It affects your magic capacity (+9).
 x - an uncursed ring of ice
 E - an uncursed ring of see invisible
 Q - an uncursed ring of positive energy
Wands
 d - a wand of flame (47)
 k - a wand of disintegration (38)
 n - a wand of polymorph (18)
 B - a wand of acid (5)
 C - a wand of random effects (55)
 G - a wand of iceblast (8)
 N - a wand of digging (12)
Scrolls
 g - 2 scrolls of enchant armour
 j - 3 scrolls of magic mapping
 l - 9 scrolls of remove curse
 o - 11 scrolls of teleportation
 u - 8 scrolls of amnesia
 A - 5 scrolls of identify
 H - a scroll of fear
 J - 4 scrolls of fog
Potions
 a - 3 potions of curing
 f - 3 potions of lignification
 h - 2 potions of cancellation
 i - 2 potions of ambrosia
 v - 7 potions of attraction
 w - 2 potions of resistance
 z - 4 potions of flight
 I - 2 potions of brilliance
 R - a potion of might
Miscellaneous
 p - a phantom mirror
 q - a lightning rod (4/4)


   Skills:
 * Level 15.4 Fighting
 - Level 20.0 Axes
 * Level 10.2 Throwing
 * Level 12.6 Armour
 * Level 8.3 Dodging
 * Level 10.5 Shields
 * Level 7.3 Invocations
 * Level 9.1 Evocations


You had 15 spell levels left.
You didn't know any spells.
Your spell library contained the following spells:

 Spells                   Type           Power        Failure   Level
 Beastly Appendage        Tmut           0%           99%         1
 Foxfire                  Conj/Fire      0%           99%         1
 Sting                    Tmut/Pois      0%           99%         1
 Summon Small Mammal      Summ           0%           99%         1
 Call Imp                 Summ           0%           100%        2
 Poisonous Vapours        Pois/Air       0%           100%        2
 Wereblood                Tmut           0%           100%        2
 Call Canine Familiar     Summ           0%           100%        3
 Confusing Touch          Hex            0%           100%        3
 Conjure Flame            Conj/Fire      0%           100%        3
 Gell's Gravitas          Tloc           0%           100%        3
 Ignite Poison            Fire/Tmut/Pois 0%           100%        3
 Inner Flame              Hex/Fire       0%           100%        3
 Mephitic Cloud           Conj/Pois/Air  0%           100%        3
 Spider Form              Tmut/Pois      0%           100%        3
 Summon Guardian Golem    Hex/Summ       0%           100%        3
 Ice Form                 Ice/Tmut       0%           100%        4
 Olgreb's Toxic Radiance  Pois           0%           100%        4
 Petrify                  Tmut/Erth      0%           100%        4
 Sticky Flame             Conj/Fire      0%           100%        4
 Summon Ice Beast         Ice/Summ       0%           100%        4
 Summon Lightning Spire   Summ/Air       0%           100%        4
 Blade Hands              Tmut           0%           100%        5
 Fireball                 Conj/Fire      0%           100%        5
 Metabolic Englaciation   Hex/Ice        0%           100%        5
 Yara's Violent Unravell  Hex/Tmut       0%           100%        5
 Haunt                    Necr/Summ      0%           100%        7
 Borgnjor's Revivificati  Necr           0%           100%        8
 Infestation              Necr           0%           100%        8
 Necromutation            Tmut/Necr      0%           100%        8
 Death's Door             Necr           0%           100%        9


Dungeon Overview and Level Annotations

Branches:
Dungeon (15/15)            Temple (1/1) D:6            Lair (6/6) D:11
 Shoals (0/4) Lair:2       Spider (2/4) Lair:3          Orc (2/2) D:12
    Elf (0/3) Orc:2        Vaults (0/5) D:14         Depths (0/5) D:15
  IceCv (visited)         Volcano (visited)
  Slime: Lair:5-6

Altars:
Ashenzari
Cheibriados
Dithmenos
Elyvilon
Fedhas
Gozag
Hepliaklqana
Kikubaaqudgha
Makhleb
Nemelex Xobeh
Okawaru
Qazlal
Ru
Sif Muna
Trog
Uskayaw
Vehumet
Wu Jian
Xom
Yredelemnul
Zin
The Shining One
Beogh

Shops:
D:4 !   D:8 *   D:14 *   Orc:2 *(=[

Annotations:
Lair:1 1 runed translucent door, Tungsten's ghost, journeyman PaDe
Lair:3 exclusion: oklob plant
Lair:6 exclusion: 3 oklob plants


Innate Abilities, Weirdness & Mutations

You reflexively headbutt those who attack you in melee.
You have a pair of horns on your head.
You are partially covered in icy blue scales. (AC +2)
Your skin changes colour to match your surroundings (Stealth+).
You are frail. (-10% HP)


Message History

The redback misses you.
You closely miss the redback.
The redback is severely wounded.
Your shield prevents you from hitting the redback.
You slice the jumping spider!!
You kill the jumping spider!
Okawaru accepts your kill.
You slash the jumping spider!
The jumping spider falls through a shaft!
The shaft crumbles and collapses.
The redback bites you but does no damage.
The jumping spider leaps!
The redback closely misses you. The redback misses you.
You miss the redback.
The redback is severely wounded.
You slash the redback! You slash the jumping spider!
The jumping spider pounces on you but does no damage.
The jumping spider closely misses you. The redback misses you.
The redback bites you!
You die...

.......°..###..
................
.......#......###
...[..........^##
.....#.^^......#
#.............#
#..#†††s.....#
..##...#°s@#...#
.$.s...<†s.^..#
#....#..°#.#..#
##.#.........##
#...#........
#..##......###
### .......#
#.......#
#########


You could see 2 jumping spiders and 2 redbacks.

Vanquished Creatures
  Rupert (Spider:1)
  Gastronok (Lair:1)
  Kirke (D:14)
  An orc warlord (Orc:2)
  A stone giant (D:13)
  The ghost of 00Nightcrawler the Fighter, a journeyman VSTm of Dithmenos (D:13)
  Azrael (D:15)
  4 entropy weavers
  Snorg (D:11)
  Josephine (D:12)
  Fannar (Orc:1)
  4 vault guards (D:14)
  2 catoblepae
  5 boulder beetles
  4 hydras
  3 centaur warriors
  A queen ant (Lair:6)
  5 two-headed ogres
  2 tengu warriors
  14 death yaks
  The ghost of Dani the Fighter, a novice OgAr of Okawaru (D:8)
  2 orc high priests (Orc:2)
  A hell knight (Volcano)
  Sonja (D:11)
  6 skeletal warriors
  A titan skeleton (D:15)
  3 unseen horrors
  A flayed ghost (D:15)
  Pikel (D:4)
  A shadow dragon zombie (D:15)
  4 orc knights
  An orb spider (Spider:1)
  2 necromancers
  A deep elf mage (D:13)
  9 ugly things
  The ghost of MisterFreud the Conjurer, a novice DsCj of Sif Muna (D:7)
  4 manticores
  A stone giant skeleton (D:15)
  5 wolf spiders
  4 orc sorcerers (Orc:2)
  7 cyclopes
  2 centaur zombies (D:14)
  11 elephants (Lair:6)
  A merfolk siren (Lair:2)
  Maurice (D:11)
  13 black mambas
  2 gargoyles
  A torpor snail (Lair:4)
  4 ice statues (IceCv)
  2 molten gargoyles (Volcano)
  14 cane toads
  2 rime drakes (Lair:4)
  An efreet (D:15)
  A yaktaur (shapeshifter) (D:12)
  4 demonic crawlers (Spider:1)
  2 yaktaurs
  11 komodo dragons
  4 tengu conjurers
  6 trolls
  A guardian mummy (D:15)
  7 ice devils (IceCv)
  A meliai (shapeshifter) (D:14)
  8 polar bears
  11 jumping spiders
  8 hornets
  A wolf spider simulacrum (D:14)
  The ghost of StoneSoupSpirit the Slasher, an amateur DsCK of Xom (D:6)
  3 slime creatures (D:12)
  5 dream sheep
  32 blink frogs
  26 redbacks
  6 wraiths
  2 vampires
  7 tarantellas
  3 shadows
  15 spriggans (Lair:6)
  7 wyverns
  3 basilisks
  An elf zombie (D:15)
  A hog (D:14)
  44 yaks
  2 fire elementals (D:15)
  2 fire bats (Volcano)
  A vampire mosquito (D:12)
  17 soldier ants (Lair:6)
  An acid dragon (D:11)
  3 hell hounds (D:15)
  A soldier ant (shapeshifter) (D:15)
  14 water moccasins
  Duvessa (D:7)
  2 wargs (Orc:1)
  A swamp drake (D:12)
  A swamp drake (shapeshifter) (D:14)
  6 black bears
  3 sky beasts
  2 necrophages
  24 orc warriors
  7 ice beasts
  3 phantoms
  17 ogres
  3 boggarts (Lair:6)
  26 centaurs
  21 wolves
  A centaur (shapeshifter) (D:13)
  A lemure (D:4)
  A big kobold (D:9)
  2 wyvern zombies
  Blork the orc (D:4)
  14 bullfrogs
  Dowan (D:7)
  2 wyvern skeletons
  9 scorpions
  A hornet simulacrum (D:14)
  6 killer bees (D:13)
  3 jellies
  9 wights
  4 howler monkeys
  4 electric eels
  4 quasits
  A bullfrog zombie (D:10)
  4 lava snakes (Volcano)
  6 hounds
  2 draconian simulacra (IceCv)
  17 orc priests
  6 bullfrog skeletons
  A gnoll shaman (D:8)
  24 orc wizards
  7 centaur skeletons
  Jessica (D:3)
  4 iguanas
  32 worker ants
  5 centaur simulacra
  A hound zombie (D:5)
  3 hound skeletons
  A worker ant zombie (D:5)
  A howler monkey zombie (D:11)
  19 adders
  7 gnolls
  5 naga simulacra (IceCv)
  3 shadow imps
  8 white imps
  3 ufetubi
  An adder zombie (D:5)
  3 worms
  2 dart slugs
  9 leopard geckos
  89 orcs
  9 bats
  2 bat zombies (D:8)
  6 giant cockroaches
  7 goblins
  3 hobgoblins
  23 jackals
  16 kobolds
  9 quokkas
  3 ball pythons
  5 frilled lizards
  A giant cockroach zombie (D:5)
  2 leopard gecko skeletons
  A quokka skeleton (D:4)
  A quokka zombie (D:5)
  6 rats
  2 rat zombies (D:8)
968 creatures vanquished.

Vanquished Creatures (collateral kills)
  A redback (Spider:1)
1 creature vanquished.

Vanquished Creatures (others)
  A blink frog (Lair:4)
  A wraith (D:12)
  A human (D:14)
  An orc priest (Orc:2)
  38 fungi
  45 plants
  A withered plant (D:15)
88 creatures vanquished.

Grand Total: 1057 creatures vanquished

Notes
Turn   | Place    | Note
-------+----------+-------------------------------------------
     0 | D:1      | Amaterasu the Minotaur Fighter began the quest for the Orb.
     0 | D:1      | Reached XP level 1. HP: 19/19 MP: 0/0
   228 | D:1      | Reached skill level 3 in Axes
   269 | D:1      | Reached XP level 2. HP: 26/26 MP: 1/1
   560 | D:1      | Reached skill level 4 in Axes
   643 | D:1      | Reached XP level 3. HP: 30/31 MP: 2/2
   862 | D:1      | Gained mutation: Your body sometimes deteriorates upon
                  | taking damage. [potion of mutation]
   862 | D:1      | Gained mutation: Your skin changes colour to match your
                  | surroundings (Stealth+). [potion of mutation]
  1001 | D:2      | Found a white marble altar of Elyvilon.
  1019 | D:2      | Reached skill level 5 in Axes
  1044 | D:2      | Found an opulent altar of Gozag.
  1092 | D:2      | Reached XP level 4. HP: 39/39 MP: 3/3
  1948 | D:3      | Reached skill level 6 in Axes
  2022 | D:3      | Noticed Jessica
  2023 | D:3      | Reached XP level 5. HP: 46/46 MP: 4/4
  2029 | D:3      | Killed Jessica
  2391 | D:4      | Noticed a lemure
  2392 | D:4      | Noticed a lemure
  2392 | D:4      | Noticed a lemure
  2393 | D:4      | Noticed Pikel
  2393 | D:4      | Noticed a lemure
  2397 | D:4      | Killed a lemure
  2415 | D:4      | Killed Pikel
  2416 | D:4      | Reached skill level 5 in Armour
  2416 | D:4      | Reached skill level 5 in Shields
  2416 | D:4      | Reached skill level 7 in Axes
  2416 | D:4      | Reached XP level 6. HP: 21/57 MP: 5/5
  2416 | D:4      | Reached XP level 7. HP: 23/63 MP: 6/6
  2508 | D:4      | Found Olorhu's Distillery.
  2559 | D:4      | Reached skill level 8 in Axes
  2645 | D:4      | Noticed Blork the orc
  2653 | D:4      | Killed Blork the orc
  2733 | D:4      | Reached skill level 9 in Axes
  2870 | D:4      | Reached XP level 8. HP: 58/70 MP: 7/7
  3176 | D:4      | Found a glowing golden altar of the Shining One.
  3232 | D:4      | Found a shadowy altar of Dithmenos.
  3441 | D:5      | Entered Level 5 of the Dungeon
  3456 | D:5      | Found a burning altar of Makhleb.
  3466 | D:5      | Lost mutation: Your body sometimes deteriorates upon taking
                  | damage. [potion of mutation]
  3466 | D:5      | Gained mutation: You are frail. (-10% HP) [potion of
                  | mutation]
  3466 | D:5      | Gained mutation: You are partially covered in icy blue
                  | scales. (AC +2) [potion of mutation]
  3587 | D:5      | Reached skill level 10 in Axes
  4194 | D:5      | Reached XP level 9. HP: 61/71 MP: 8/8
  4328 | D:6      | Found a staircase to the Ecumenical Temple.
  4353 | Temple   | Entered the Ecumenical Temple
  4505 | D:6      | Found a runed translucent door.
  4505 | D:6      | Noticed StoneSoupSpirit's ghost (amateur DsCK)
  4807 | D:6      | Killed StoneSoupSpirit's ghost
  4888 | D:7      | Reached skill level 11 in Axes
  5077 | D:7      | Found a blossoming altar of Fedhas.
  5255 | D:7      | Found a transporter.
  5281 | D:7      | Noticed MisterFreud's ghost (novice DsCj)
  5302 | D:7      | Found a transporter.
  5333 | D:7      | Reached skill level 12 in Axes
  5501 | D:7      | Noticed Duvessa
  5501 | D:7      | Noticed Dowan
  5513 | D:7      | Killed Duvessa
  5522 | D:7      | Killed Dowan
  5783 | D:7      | Killed MisterFreud's ghost
  5784 | D:7      | Reached skill level 13 in Axes
  5784 | D:7      | Reached XP level 10. HP: 70/79 MP: 9/9
  6039 | D:8      | Noticed Dani's ghost (novice OgAr)
  6040 | D:8      | Found a transporter.
  6042 | D:8      | Found a transporter.
  6274 | D:8      | Found an iron altar of Okawaru.
  6390 | D:8      | Found an ancient bone altar of Kikubaaqudgha.
  6465 | D:8      | Found Xeys's Elemental Accessories.
  6484 | D:8      | Reached skill level 14 in Axes
  6760 | D:8      | Killed Dani's ghost
  6761 | D:8      | Reached skill level 1 in Dodging
  6761 | D:8      | Reached skill level 1 in Evocations
  6819 | D:8      | Found a sacrificial altar of Ru.
  6832 | D:8      | Became a worshipper of Warmaster Okawaru
  6917 | D:9      | Noticed a two-headed ogre
  6929 | D:9      | Killed a two-headed ogre
  6930 | D:9      | Reached skill level 1 in Invocations
  7406 | D:9      | Noticed a manticore
  7428 | D:9      | Killed a manticore
  7428 | D:9      | Reached * piety under Okawaru
  7670 | D:9      | Reached XP level 11. HP: 87/87 MP: 11/11
  7771 | D:9      | Identified a scroll of acquirement
  7771 | D:9      | Acquired the ring of Incredulity {rC+ MP+9 Str+4}
  7802 | D:10     | Entered Level 10 of the Dungeon
  7947 | D:10     | Noticed a two-headed ogre
  7954 | D:10     | Killed a two-headed ogre
  8134 | D:10     | Killed an unseen horror
  8134 | D:10     | Reached ** piety under Okawaru
  8703 | D:11     | Noticed a two-headed ogre
  8708 | D:11     | Noticed a two-headed ogre
  8710 | D:11     | Killed a two-headed ogre
  8711 | D:11     | Reached skill level 10 in Fighting
  8711 | D:11     | Noticed a green ugly thing
  8716 | D:11     | Killed a two-headed ogre
  8727 | D:11     | Killed a green ugly thing
  8727 | D:11     | Reached *** piety under Okawaru
  8736 | D:11     | Found a frozen archway.
  8737 | D:11     | Noticed Sonja
  8766 | D:11     | Killed Sonja
  8767 | D:11     | Reached skill level 5 in Dodging
  8836 | IceCv    | Entered an ice cave
  8875 | IceCv    | Reached **** piety under Okawaru
  8876 | IceCv    | Reached skill level 5 in Evocations
  9379 | IceCv    | Received a gift from Okawaru
  9586 | IceCv    | Noticed a necromancer
  9592 | IceCv    | Killed a necromancer
  9593 | IceCv    | Reached skill level 15 in Axes
  9593 | IceCv    | Reached XP level 12. HP: 95/95 MP: 12/12
  9715 | D:11     | Noticed Maurice
  9726 | D:11     | Killed Maurice
  9764 | D:11     | Noticed Snorg
  9779 | D:11     | Killed Snorg
  9895 | D:11     | Reached ***** piety under Okawaru
 10177 | D:11     | Found a staircase to the Lair.
 10336 | Lair:1   | Entered Level 1 of the Lair of Beasts
 10382 | Lair:1   | Reached skill level 16 in Axes
 10391 | Lair:1   | Received a gift from Okawaru
 10531 | Lair:1   | Noticed Gastronok
 10563 | Lair:1   | Killed Gastronok
 10826 | Lair:1   | Found a runed translucent door.
 10828 | Lair:1   | Noticed Tungsten's ghost (journeyman PaDe)
 11148 | Lair:1   | Reached skill level 17 in Axes
 11445 | Lair:2   | Reached XP level 13. HP: 96/104 MP: 14/14
 11583 | Lair:2   | Found a staircase to the Shoals.
 11760 | Lair:2   | Found a sacrificial altar of Ru.
 12038 | Lair:2   | Reached ****** piety under Okawaru
 12233 | Lair:3   | Found a blossoming altar of Fedhas.
 12284 | Lair:3   | Found a hole to the Spider Nest.
 12568 | Lair:3   | Received a gift from Okawaru
 13289 | Lair:4   | Reached skill level 18 in Axes
 13465 | Lair:4   | Found a dark tunnel.
 13511 | Volcano  | Entered a volcano
 13772 | Volcano  | Found a burning altar of Makhleb.
 13852 | Volcano  | Reached skill level 5 in Invocations
 13971 | Lair:4   | Reached skill level 10 in Shields
 15028 | Lair:5   | Reached skill level 10 in Armour
 15032 | Lair:5   | Reached XP level 14. HP: 80/113 MP: 16/16
 15266 | Lair:5   | Received a gift from Okawaru
 15452 | Lair:5   | Found a runed translucent door.
 15474 | Lair:5   | Got a fine hat
 15503 | Lair:5   | Identified the +1 hat of Ethics {-Cast rElec rPois rF++}
                  | (You found it on level 5 of the Lair of Beasts)
 15542 | Lair:5   | Got a brightly glowing bone ring
 15543 | Lair:5   | Identified the ring of Broken Luck {*Tele rF+} (You found
                  | it on level 5 of the Lair of Beasts)
 15699 | Lair:6   | Entered Level 6 of the Lair of Beasts
 15876 | Lair:6   | Reached skill level 19 in Axes
 16124 | Lair:6   | Received a gift from Okawaru
 16454 | Lair:6   | Received a gift from Okawaru
 16637 | Lair:6   | Received a gift from Okawaru
 16666 | Lair:6   | HP: 5/116 [entropy weaver (5)]
 16682 | Lair:6   | Reached XP level 15. HP: 47/122 MP: 18/18
 16704 | Lair:6   | HP: 5/183 [komodo dragon (21)]
 17620 | D:12     | Found a hide-covered altar of Uskayaw.
 17620 | D:12     | Found an ornate altar of the Wu Jian Council.
 17633 | D:12     | Reached skill level 20 in Axes
 17732 | D:12     | Noticed Josephine
 17749 | D:12     | Killed Josephine
 18524 | D:12     | Found a staircase to the Orcish Mines.
 18860 | D:13     | Found a runed translucent gate.
 18860 | D:13     | Found a runed translucent gate.
 18860 | D:13     | Found a runed translucent gate.
 18860 | D:13     | Noticed 00Nightcrawler's ghost (journeyman VSTm)
 18890 | D:13     | Killed 00Nightcrawler's ghost
 18895 | D:13     | Reached skill level 1 in Throwing
 18962 | D:13     | Received a gift from Okawaru
 19675 | D:14     | Reached skill level 15 in Fighting
 19745 | D:14     | Found a gate to the Vaults.
 19755 | D:14     | Received a gift from Okawaru
 19987 | D:14     | Found the +7 great mace "Undeadhunter" {disrupt, rN+}
 19988 | D:14     | Received a gift from Okawaru
 19989 | D:14     | Reached skill level 5 in Throwing
 19996 | D:14     | Reached XP level 16. HP: 129/134 MP: 20/20
 20037 | D:14     | Found Ziroj's Assorted Antiques.
 20039 | D:14     | Noticed Kirke
 20059 | D:14     | Killed Kirke
 20344 | D:15     | Entered Level 15 of the Dungeon
 20400 | D:15     | Received a gift from Okawaru
 20576 | D:15     | Found a staircase to the Depths.
 20815 | D:15     | Noticed Azrael
 20818 | D:15     | Found a sacrificial altar of Ru.
 20837 | D:15     | Killed Azrael
 21259 | D:15     | Received a gift from Okawaru
 21378 | Orc:1    | Entered Level 1 of the Orcish Mines
 21378 | Orc:1    | Found a burning altar of Makhleb.
 21407 | Orc:1    | Noticed Fannar
 21424 | Orc:1    | Killed Fannar
 21560 | Orc:2    | Entered Level 2 of the Orcish Mines
 21713 | Orc:2    | Received a gift from Okawaru
 21714 | Orc:2    | Found a roughly hewn altar of Beogh.
 21731 | Orc:2    | HP: 6/134 [orc warrior/+0 trident[an orc warlord] (2)]
 21734 | Orc:2    | Received a gift from Okawaru
 21929 | Orc:2    | Reached skill level 10 in Throwing
 22107 | Orc:2    | Found Vouna's Antique Weapon Shoppe.
 22124 | Orc:2    | Found Suint's General Store.
 22157 | Orc:2    | Found Hin Zyu's Antique Armour Shoppe.
 22173 | Orc:2    | Found Juwkixzupa's Jewellery Shoppe.
 22196 | Orc:2    | Found a staircase to the Elven Halls.
 22258 | Orc:2    | Found a runed translucent door.
 22627 | Orc:2    | Found a roughly hewn altar of Beogh.
 22870 | Spider:1 | Entered Level 1 of the Spider Nest
 23080 | Spider:1 | Noticed Rupert
 23092 | Spider:1 | Killed Rupert
 23235 | Spider:1 | Received a gift from Okawaru
 23711 | Spider:2 | HP: 2/134 [jumping spider (7)]
 23714 | Spider:2 | Slain by a redback

Illustrated notes

Levels and vault maps discovered:
D:1:      psy_arrival_terrarium, layout_basic, minmay_misc_feat_pillars
D:2:      layout_basic, elyvilon_altar_3, grunt_gozag_breadcrumbs,
          serial_aquarium, aquarium_bridge_long_joined
          [aquarium_subvault_bridge, aquarium_subvault_window,
          aquarium_subvault_wall, aquarium_subvault_bridge,
          aquarium_subvault_wall, aquarium_subvault_window],
          aquarium_window_fake, aquarium_window_1, aquarium_window_fake,
          aquarium_view_2b, aquarium_view_2f, aquarium_balcony_5b,
          aquarium_pool_2
D:3:      minmay_skewed_foursquare, layout_loops_ring, uniq_jessica
D:4:      layout_basic, nicolae_tso_carved_into_rock, kennysheep_mini_moat,
          serial_shops, shop, hangedman_decor_clover_reticule,
          amcnicky_mini_corridor_feature, minmay_puff, uniq_blork_the_orc,
          uniq_pikel
D:5:      minmay_razor_zed, layout_basic, lemuel_round_altar
D:6:      layout_rooms, minmay_temple_entry_grid, ebering_ghost_sewer_d,
          hangedman_abyss_or_decor_stabs
D:7:      layout_cave_pods, nzn_ghost_randoct, fedhas_ov_isle_minmay,
          uniq_duvessa
D:8:      layout_basic, lemuel_zombie_altar_kikubaaqudgha,
          nicolae_overflow_hidden_temple, gammafunk_ghost_arena,
          nicolae_elemental_shop
D:9:      layout_long_grid, minmay_misc_feat_columns
D:10:     layout_loops_ring
D:11:     layout_cave_pools, david_lair_shrubbed,
          portal_ice_cave_entry_pillars_1, amcnicky_mini_rare_corridor_liquid,
          bh_walls_and_bars, uniq_sonja, uniq_snorg, uniq_maurice
D:12:     minmay_cut_squares, layout_cave_pools, erik_orc_1,
          nzn_masters_of_martial_movement, uniq_josephine
D:13:     layout_loops_cross, gammafunk_ghost_split
D:14:     layout_rooms, lightli_vaults_fourway_checkpoint, serial_shops,
          nicolae_shop_overgrown_old_shop, serial_ice, serial_ice_i,
          serial_ice_h, serial_ice_a, serial_ice_c, serial_ice_m, serial_ice_e,
          uniq_kirke
D:15:     gammafunk_depths_entry_grave, layout_rooms, hangedman_ru_absence,
          uniq_azrael
Temple:   eino_temple_lava
Lair:1:   layout_roguey, ebering_ghost_reflecting_pool,
          chequers_serial_rivers_small_3, infiniplex_staircase_pool,
          grunt_megastairs_4, uniq_gastronok
Lair:2:   layout_cellular_growth, minmay_shoals_entry_lonely_mermaid,
          basic_altar
Lair:3:   layout_loops_ring, spider_nest_entry_web_field, basic_altar,
          minivault_23, serial_bayou_shore_a, minmay_lair_oklob_chamber,
          lemuel_fruit_tree, infiniplex_staircase_pool_2
Lair:4:   layout_roguey, nicolae_volcano_entry_two_sided, grunt_megastairs_3,
          lemuel_fruit_fields
Lair:5:   gammafunk_indiana_jones, layout_cave_pods
Lair:6:   minmay_lair_end_enchanted_forest, layout_cave_pods,
          minmay_slime_entry_oklob_open, chequers_serial_rivers_micro_c,
          minmay_lair_oklob_items, zaba_antful_of_joy
Spider:1: layout_spider_delve, guppyfry_spider_mini_2, uniq_rupert
Spider:2: gammafunk_boulding_lane, uniq_arachne, uniq_agnes, uniq_donald
Orc:1:    layout_caves, basic_altar, uniq_fannar
Orc:2:    grunt_orc_cross, layout_caves, lightli_church_of_beogh

Skill      XL: |  1  2  3  4  5  6  7  8  9 10 11 12 13 14 15 16 |
---------------+-------------------------------------------------+-----
Axes           | 3 4 5 6 7 9 10 13 14 15 17 18 19 20 | 20.0
Fighting       | 4 6 7 8 9 10 11 12 13 15 | 15.4
Armour         | 5 6 7 9 10 11 12 | 12.6
Shields        | 5 6 7 8 9 10 | 10.5
Dodging        | 2 5 6 7 8 |  8.3
Evocations     | 2 5 6 7 9 |  9.1
Invocations    | 1 2 3 5 6 7 |  7.3
Throwing       | 5 10 | 10.2

Action                   |  1- 3 |  4- 6 |  7- 9 | 10-12 | 13-15 | 16-18 || total
-------------------------+-------+-------+-------+-------+-------+-------++-------
Melee: War axe           |    79 |    56 |       |       |       |       ||   135
       Headbutt          |     9 |    17 |    61 |   167 |   303 |   131 ||   688
       Broad axe         |       |    32 |   306 |   605 |  1140 |   458 ||  2541
Invok: Heroism           |       |       |       |     2 |     6 |     2 ||    10
       Finesse           |       |       |       |       |     6 |     2 ||     8
Evoke: Wand              |       |       |       |       |    22 |     1 ||    23
  Use: Scroll            |     4 |     4 |    12 |    10 |    14 |     4 ||    48
       Potion            |     1 |     1 |     2 |     7 |    16 |     2 ||    29
 Stab: Petrified         |       |       |       |       |     2 |       ||     2
Armor: Scale mail        |    47 |       |       |       |       |       ||    47
       Chain mail        |     6 |    52 |    87 |       |       |       ||   145
       Plate armour      |       |       |    36 |   264 |   355 |   191 ||   846
       Skin              |       |       |       |       |    17 |       ||    17
Dodge: Dodged            |    32 |    18 |    67 |   160 |   273 |   190 ||   740
       Repelled          |       |       |       |       |     4 |     4 ||     8
Block: Kite shield       |    43 |    48 |   182 |   382 |   647 |   290 ||  1592
